 Dungeon Crawl Stone Soup version 0.27.1-2-g3b301248ec (webtiles) character file.

Game seed: 18358394855068672046

35 Urokeeper the Chopper (level 3, 0/33 HPs)
             Began as a Hill Orc Monk on Sept 28, 2021.
             Succumbed to an adder's poison
             ... on level 2 of the Dungeon.
             The game lasted 00:03:59 (1377 turns).

Urokeeper the Chopper (Hill Orc Monk)               Turns: 1377, Time: 00:04:00

Health: 0/33       AC:  3    Str: 14    XL:     3   Next: 35%
Magic:  3/3        EV: 12    Int: 10    God:
Gold:   65         SH:  0    Dex: 13    Spells: 2/2 levels left

rFire    . . .     SeeInvis .   a - +0 hand axe
rCold    . . .     Faith    .   (no shield)
rNeg     . . .     Spirit   .   f - +0 leather armour
rPois    .         Reflect  .   (no helmet)
rElec    .         Harm     .   (no cloak)
rCorr    .         Rampage  .   (no gloves)
Will     .....                  (no boots)
Stlth    ++........             (no amulet)
HPRegen  0.11/turn              (no ring)
MPRegen  0.08/turn              (no ring)

@: lethally poisoned (0 -> -8)
A: no striking features
a: no special abilities


You were on level 2 of the Dungeon.
You visited 1 branch of the dungeon, and saw 2 of its levels.

You collected 65 gold pieces.

Inventory:

Hand Weapons
 a - a +0 hand axe (weapon)
Armour
 b - a +0 robe
 f - a +0 leather armour (worn)
Scrolls
 d - a scroll of magic mapping
 h - a scroll of identify
Potions
 c - a potion of haste {unknown}
 e - a potion of curing
 g - a potion of degeneration


   Skills:
 + Level 3.8 Fighting
 + Level 5.0 Axes
 + Level 0.2 Armour
 + Level 2.7 Dodging
 + Level 1.7 Stealth


You had 2 spell levels left.
You didn't know any spells.
Your spell library was empty.

Dungeon Overview and Level Annotations

Branches:
Dungeon (2/15)

Altars:
Nemelex Xobeh


Message History

Found a scroll of identify.
You open the door.
The gnoll hits you from afar with a +0 spear.
There is an open door here.
You hit the quokka.
The quokka is heavily wounded.
The quokka bites you.
Found a club.
The quokka misses you. The quokka bites you.
You see here a +0 club.
You barely miss the quokka.
The quokka is heavily wounded.
The quokka bites you. The quokka bites you. The quokka bites you.
* * * LOW HITPOINT WARNING * * *
You hit the quokka.
You kill the quokka!
Found a faded altar of an unknown god.
An adder comes into view.
The adder hisses angrily.
The adder moves out of view.
Found 26 stones.
The adder bites you.
* * * LOW HITPOINT WARNING * * *
You are poisoned.
The adder poisons you!
You feel sick. The adder bites you but does no damage.
You feel sick. The adder bites you.
* * * LOW HITPOINT WARNING * * *
You feel sick.
There is a faded altar of an unknown god here.
You feel sick.
You are no longer poisoned.
Found a stone staircase leading up.
The adder bites you.
* * * LOW HITPOINT WARNING * * *
You are lethally poisoned!
The adder poisons you!
You die...

.................
.............###
.......##.##.....
.......#.g.#.####
#+###...._...#
####.#.g.#.####
.....##S##....#
#####
####.......##.#
.....
.......@...<# #
#####
.########.#.#
...# ...# ###


You could see 2 gnolls and an adder.

Vanquished Creatures
  2 adders (D:2)
  A ball python (D:1)
  An endoplasm (D:1)
  A giant cockroach (D:1)
  2 goblins (D:1)
  A hobgoblin (D:1)
  2 kobolds
  3 quokkas
  A bat (D:1)
  2 frilled lizards (D:1)
  A rat (D:2)
17 creatures vanquished.

Notes
Turn   | Place    | Note
-------+----------+-------------------------------------------
     0 | D:1      | Urokeeper the Hill Orc Monk began the quest for the Orb.
     0 | D:1      | Reached XP level 1. HP: 19/19 MP: 1/1
   238 | D:1      | Reached XP level 2. HP: 26/26 MP: 2/2
   785 | D:2      | Found a sparkling altar of Nemelex Xobeh.
   879 | D:2      | Reached XP level 3. HP: 22/33 MP: 3/3
   996 | D:2      | Reached skill level 5 in Axes
  1366 | D:2      | Found a faded altar of an unknown god.
  1376 | D:2      | HP: 1/33 [adder (1)]
  1377 | D:2      | Succumbed to an adder's poison

Illustrated notes

Levels and vault maps discovered:
D:1:      scummos_arrival_checkerplants, layout_rooms
D:2:      layout_basic, ebering_ecumenical_altar_box, basic_altar, uniq_terence

Skill      XL: |  1  2  3 |
---------------+----------+-----
Axes           | 5 |  5.0
Fighting       | |  3.8
Armour         | |  0.2
Dodging        | |  2.7
Stealth        | |  1.7

Action                   || total
-------------------------++-------
Melee: Hand axe          ||    76
  Use: Scroll            ||     3
       Potion            ||     1
 Stab: Sleeping          ||     1
Armor: Robe              ||    10
       Leather armour    ||     6
Dodge: Dodged            ||    46
